AoeStats
← Saladin

Arabia

504430299Analyzed
1v1 RM · 27d ago on Sep 5, 2026· 25m 12s· 2 players
Game mode
Random Map
Map size
Tiny (2 player)
Population
200
Speed
Normal
Resources
Standard
Victory
Conquest
Starting age
Dark Age
Ending age
Imperial Age
RankedLock teamsTeams togetherTeam positionsShared explorationLock speedFull tech treeHidden civsTurbo modeCheats
Victory
Defeat
🇵🇰 Armenians · Pakistan
1101
+48
🇨🇭 Dravidians · Switzerland
1117
-17
Saladin
8:54 Feudal Age
9:23 Double-Bit Axe
9:02 Man-at-Arms
9:50 Arson
9:43 Long Swordsman
15:16 Arson
17:52 Scale Mail Armor
21:18 Horse Collar
22:07 Forging
23:55 Wheelbarrow
fear the lamb
9:26 Loom
11:51 Feudal Age
23:34 Castle Age
22:16 Double-Bit Axe
Connection lost

Rejoining the realm…

Still unreachable

The connection could not be restored.

Session expired

The server has moved on; the page needs a fresh start.